 Dungeon Crawl Stone Soup version 0.31-a0-435-g2c6fae2916 (webtiles) character file.

Game seed: 15203016154538288667

56 nono the Sneak (level 4, -8/37 HPs)
             Began as a Formicid Delver on Aug 1, 2023.
             Was an Initiate of Okawaru.
             Mangled by a gnoll
             ... wielding a +0 halberd
              (10 damage)
             ... on level 1 of the Dungeon.
             The game lasted 00:05:09 (1171 turns).

nono the Sneak (Formicid Delver)                    Turns: 1171, Time: 00:05:09

Health: -8/37      AC:  3    Str: 19    XL:     4   Next: 17%
Magic:  4/4        EV: 12    Int:  9    God:    Okawaru [......]
Gold:   91         SH:  0    Dex: 15    Spells: 3/3 levels left

rFire   . . .        a - +0 hand axe
rCold   . . .        (no shield)
rNeg    . . .        b - +0 leather armour
rPois   .            (helmet unavailable)
rElec   .            (no cloak)
rCorr   .            (no gloves)
SInv    +            (no boots)
Will    .....        (no amulet)
Stlth   +++          (no ring)
HPRegen 0.26/turn    (no ring)
MPRegen 0.09/turn

%: no passive effects
@: no status effects
A: permanent stasis, dig shafts and tunnels, antennae 3, four strong arms
a: Dig, Shaft Self, Renounce Religion


You were on level 1 of the Dungeon.
You worshipped Okawaru.
Okawaru was noncommittal.
You visited 1 branch of the dungeon, and saw 5 of its levels.

You collected 91 gold pieces.

Inventory:

Hand Weapons
 a - a +0 hand axe (weapon)
Armour
 b - a +0 leather armour (worn)
Talismans
 i - a beast talisman
Wands
 f - a wand of digging (3)
Scrolls
 c - a scroll of fog
 e - a scroll of fear
 g - 3 scrolls of torment {unknown}
 h - a scroll of enchant weapon {unknown}
 k - a scroll of revelation
 l - a scroll of identify {unknown}
Potions
 j - a potion of attraction {unknown}


   Skills:
 + Level 3.8 Fighting
 + Level 2.6 Axes
 + Level 2.3 Dodging
 + Level 6.5 Stealth


You had 3 spell levels left.
You didn't know any spells.
Your spell library was empty.

Dungeon Overview and Level Annotations

Branches:
Dungeon (5/15)
 Temple: D:4-7

Altars:
Okawaru


Innate Abilities, Weirdness & Mutations

You cannot be hasted, slowed, berserked, paralysed or teleported.
You can dig through walls and to a lower floor.
You have a pair of large antennae on your head. (SInv)
Your four strong arms can wield two-handed weapons with a shield.


Message History

The gnoll misses you.
There is a stone staircase leading up here.
You climb upwards.
There is a stone staircase leading down here.
You start resting.
You flicker for a moment.
You start resting.
You flicker back into view.
You start resting.
HP restored.
You climb downwards.
The gnoll barely misses you. The gnoll completely misses you.
There is a stone staircase leading up here.
The gnoll barely misses you.
You climb upwards.
There is a stone staircase leading down here.
You hit the gnoll.
The gnoll is moderately wounded.
The gnoll hits you with a +0 halberd.
You closely miss the gnoll.
The gnoll is moderately wounded.
The gnoll hits you with a +0 halberd!
You hit the gnoll.
The gnoll is severely wounded.
The gnoll hits you with a +0 halberd!
* * * LOW HITPOINT WARNING * * *
You hit the gnoll but do no damage.
The gnoll is severely wounded.
The gnoll closely misses you. x2
You hit the gnoll.
The gnoll is severely wounded.
The gnoll hits you but does no damage.
You barely miss the gnoll.
The gnoll is severely wounded.
The gnoll hits you with a +0 halberd!
* * * LOW HITPOINT WARNING * * *
You barely miss the gnoll.
The gnoll is severely wounded.
The gnoll hits you with a +0 halberd!
You die...

# #.........#
####.........#
.............# #####
###..........# ##...##
##...........###.....##
##.#.........##.......#
#.#..##.....##.......#
#.#.###.....##.......#
#...# ##.#####.@....##
##..## #.###...g(....#
#...# ###.##..#.......#
#..####......##.......#
#.......#.######.....##
..)######.# #.....##
#..# #.# #.##### #..###
#.# ###.# ##...####.#
#...#


You could see a gnoll.

Vanquished Creatures
  2 gnolls
  An adder (D:2)
  A worm (D:2)
  A dart slug (D:1)
  An endoplasm (D:3)
  4 giant cockroaches
  2 hobgoblins
  4 jackals (D:1)
  3 kobolds
  A ball python (D:1)
  A bat (D:2)
  A frilled lizard (D:1)
  2 rats (D:1)
24 creatures vanquished.

Notes
Turn   | Place    | Note
-------+----------+-------------------------------------------
     0 | D:5      | nono the Formicid Delver began the quest for the Orb.
     0 | D:5      | Reached XP level 1. HP: 18/18 MP: 1/1
    13 | D:5      | Found an iron altar of Okawaru.
    21 | D:5      | Became a worshipper of Warmaster Okawaru
   227 | D:1      | Reached XP level 2. HP: 24/24 MP: 2/2
   411 | D:1      | Reached XP level 3. HP: 14/29 MP: 3/3
  1005 | D:2      | Reached XP level 4. HP: 37/37 MP: 4/4
  1171 | D:1      | Mangled by a gnoll

Illustrated notes

Levels and vault maps discovered:
D:1:      kennysheep_arrival_forest, layout_rooms, nicolae_grassy_gnolls
D:2:      layout_loops_ring, uniq_robin
D:3:      layout_basic, overflow_temple_1_default, serial_glass,
          glass_columns_a, glass_columns_c, ebering_ghost_rock_garden
D:4:      layout_basic, uniq_duvessa
D:5:      layout_basic, mainiacjoe_overflow_paths, okawaru_ov_weapons_minmay,
          mainiacjoe_overflow_tiny_flanked, nicolae_overflow_hidden_temple,
          serial_bayou_ford_a, minmay_fountain_box

Skill      XL: |  1  2 |
---------------+-------+-----
Dodging        | 2 |  2.3
Fighting       | |  3.8
Axes           | |  2.6
Stealth        | |  6.5

Action                     |  1- 3 |  4- 6 || total
---------------------------+-------+-------++-------
  Melee: Hand axe          |    81 |    11 ||    92
    Use: Scroll            |     1 |       ||     1
         Potion            |       |     1 ||     1
   Stab: Sleeping          |     6 |       ||     6
 Armour: Leather armour    |    20 |     1 ||    21
  Dodge: Dodged            |    67 |    13 ||    80

Table legend: (Time is in decaauts)
 A = Elapsed time spent in this place.
 B = Non-inter-level travel time spent in this place.
 C = Inter-level travel time spent in this place.
 D = Time resting spent in this place.
 E = Time spent auto-exploring this place.
 F = Levels seen in this place.
 G = Mean time per level.
                   A        B        C        D        E       F      G
               +--------+--------+--------+--------+--------+-----+--------+
         Total |   1188 |   1120 |     68 |    154 |    544 |   5 |  237.6 |
       Dungeon |   1188 |   1120 |     68 |    154 |    544 |   5 |  237.6 |
               +--------+--------+--------+--------+--------+-----+--------+

Top non-repeatable levels by time:
     D:1: 683 daAuts
     D:2: 305 daAuts
     D:3: 93 daAuts
     D:4: 70 daAuts
     D:5: 36 daAuts
